 Dungeon Crawl Stone Soup version 0.29.1-15-g9cfb28693d (webtiles) character file.

Game seed: 1190163529034595223

718 Edyrem the Cleaver (level 7, -13/67 HPs)
             Began as a Hill Orc Monk on Apr 11, 2023.
             Was a Believer of Beogh.
             Mangled by an ogre
             ... wielding a +0 giant spiked club
              (37 damage)
             ... on level 5 of the Dungeon.
             The game lasted 00:13:34 (4908 turns).

Edyrem the Cleaver (Hill Orc Monk)                  Turns: 4908, Time: 00:13:35

Health: -13/67     AC:  5    Str: 16    XL:     7   Next: 70%
Magic:  4/7        EV: 12    Int: 10    God:    Beogh [**....]
Gold:   206        SH:  5    Dex: 13    Spells: 6/6 levels left

rFire   + . .      SeeInvis .   a - +0 hand axe (vamp)
rCold   . . .      Faith    .   (no shield)
rNeg    . . .      Spirit   .   e - +2 leather armour {rF+}
rPois   .          Reflect  +   (no helmet)
rElec   .          Harm     .   (no cloak)
rCorr   .          Rampage  .   (no gloves)
Will    .....                   (no boots)
Stlth   ++........              h - amulet of reflection
HPRegen 0.21/turn               q - +4 ring of protection
MPRegen 0.10/turn               (no ring)

@: corroded
A: no striking features
a: Renounce Religion, Smiting


You were on level 5 of the Dungeon.
You worshipped Beogh.
Beogh was pleased with you.
You visited 1 branch of the dungeon, and saw 5 of its levels.
You also visited: Sewer.

You collected 206 gold pieces.

Inventory:

Hand Weapons
 a - a +0 vampiric hand axe (weapon)
 b - a +0 sling
 s - a +0 mace
 v - a +2 trident of venom
 F - a +0 glaive
Missiles
 g - 32 stones (quivered)
 A - 9 poisoned darts
 H - 6 boomerangs
Armour
 e - a +2 leather armour of fire resistance (worn)
Jewellery
 h - an amulet of reflection (around neck)
 q - a +4 ring of protection (left hand)
 x - an amulet of guardian spirit
 G - an amulet of the acrobat
Wands
 f - a wand of iceblast (8)
 z - a wand of flame (6)
Scrolls
 j - 9 scrolls of identify {@r1}
 k - 2 scrolls of teleportation {unknown}
 l - 3 scrolls of immolation {unknown}
 n - 2 scrolls of butterflies {unknown}
 p - a scroll of brand weapon {unknown}
 u - a scroll of poison {unknown}
 w - a scroll of silence {unknown}
 y - 2 scrolls of vulnerability {unknown}
 B - a scroll of fear {unknown}
 C - 3 scrolls of enchant weapon {unknown}
Potions
 c - 5 potions of ambrosia
 d - 2 potions of curing {@q2}
 i - a potion of resistance {unknown}
 m - 2 potions of attraction {unknown}
 o - a potion of might {unknown}
 r - 3 potions of heal wounds {unknown}
 t - 2 potions of degeneration {unknown}
 D - a potion of brilliance {unknown}
 E - 3 potions of haste {unknown}


   Skills:
 * Level 7.9 Fighting
 + Level 8.6 Axes
 - Level 2.4 Dodging
 - Level 1.5 Stealth


You had 6 spell levels left.
You didn't know any spells.
Your spell library contained the following spells:

 Spells                   Type           Power      Damage    Failure   Level
 Dazzling Flash           Conj/Hex       0%         N/A       80%         3
 Tukima's Dance           Hex            0%         N/A       80%         3
 Passage of Golubria      Tloc           0%         N/A       99%         4
 Agony                    Necr           0%         N/A       100%        5
 Silence                  Hex/Air        0%         N/A       100%        5
 Summon Forest            Summ/Tloc      0%         N/A       100%        5
 Yara's Violent Unravell  Hex/Tmut       0%         3d3       100%        5
 Eringya's Noxious Bog    Tmut/Pois      0%         N/A       100%        6
 Summon Hydra             Summ           0%         N/A       100%        7


Dungeon Overview and Level Annotations

Branches:
Dungeon (5/15)              Sewer (visited)
 Temple: D:4-7

Altars:
Dithmenos
Kikubaaqudgha


Message History

The jelly is moderately wounded.
The jelly closely misses you.
You hit the jelly.
Your hands burn!
The jelly is severely wounded.
The jelly hits you. The acid corrodes you!
You are splashed with acid.
You slash the jelly!
You feel better.
You kill the jelly!
Beogh accepts your kill.
You hit the ogre but do no damage. You punch the ogre.
The ogre is lightly wounded.
The ogre hits you with a +0 giant spiked club!
You are too injured to fight recklessly!
You are too injured to fight recklessly!
You are too injured to fight recklessly!
You hit the ogre but do no damage.
The ogre is lightly wounded.
Aiming: Smiting
Press: ? - help, Dir - move target, f - ogre Smite: an ogre, wielding a +0 giant spiked club (lightly wounded)
You smite the ogre!
The ogre is moderately wounded.
The ogre hits you with a +0 giant spiked club!
* * * LOW HITPOINT WARNING * * *
You hit the ogre but do no damage.
The ogre is moderately wounded.
You hit the dart slug.
You feel better. The ogre barely misses you.
The dart slug launches a dart at you.
The slug dart reflects off an invisible shield around you!
The slug dart hits the dart slug.
You hit the ogre but do no damage.
The ogre is moderately wounded.
You hit the dart slug but do no damage. You hit the ogre.
The ogre is heavily wounded.
You hit the dart slug.
You feel better.
You kill the dart slug!
Beogh accepts your kill.
The ogre hits you with a +0 giant spiked club!!!
Ouch! That really hurt!
You die...

...[..........
..............
.............
###........ ####....#
).##....########+##
..#....#..........# .
###....#..........##....
#...######.....[@O......
#...# #....#...........
....# #....#...........
....#...#.###...........
....#...... #...........
....###.... #...........
#..##....####...$.......
.### .... ............ .
.##


You could see an ogre.

Vanquished Creatures
  2 phantoms
  A scorpion (D:5)
  4 jellies
  A hound (D:5)
  An orc priest (D:5)
  An iguana (D:5)
  Ijyb (D:3)
  2 orc wizards (D:5)
  4 gnolls (D:2)
  7 adders
  A river rat (Sewer)
  A shadow imp (D:5)
  2 ufetubi (D:4)
  2 worms
  A dart slug (D:5)
  8 orcs
  7 bats
  12 endoplasms
  7 giant cockroaches
  13 goblins
  6 hobgoblins
  2 kobolds (D:4)
  A quokka (D:2)
  13 ball pythons
  5 frilled lizards
  11 rats
116 creatures vanquished.

Notes
Turn   | Place    | Note
-------+----------+-------------------------------------------
     0 | D:1      | Edyrem the Hill Orc Monk began the quest for the Orb.
     0 | D:1      | Reached XP level 1. HP: 19/19 MP: 1/1
   462 | D:1      | Reached XP level 2. HP: 27/27 MP: 2/2
  1130 | D:1      | Reached XP level 3. HP: 34/34 MP: 3/3
  1482 | D:3      | Reached skill level 5 in Axes
  1647 | D:2      | Reached XP level 4. HP: 41/41 MP: 4/4
  1669 | D:2      | Reached skill level 5 in Fighting
  2151 | D:2      | Reached XP level 5. HP: 48/48 MP: 5/5
  2387 | D:2      | You fall into a shaft and drop 1 floor!
  2421 | D:3      | Found a faded altar of an unknown god.
  2742 | D:3      | Reached skill level 6 in Axes
  2815 | D:3      | Found a shadowy altar of Dithmenos.
  3254 | D:3      | Noticed Ijyb
  3288 | D:3      | Killed Ijyb
  3535 | D:4      | Found an ancient bone altar of Kikubaaqudgha.
  3567 | D:4      | Found a glowing drain.
  3593 | Sewer    | Entered a sewer
  3770 | Sewer    | Reached XP level 6. HP: 57/57 MP: 6/6
  3798 | Sewer    | Found a shimmering altar of Xom.
  3803 | Sewer    | Reached skill level 7 in Axes
  3968 | D:4      | Became a worshipper of Beogh the Brigand
  3968 | D:4      | Reached * piety under Beogh
  3968 | D:4      | Reached ** piety under Beogh
  4671 | D:5      | Entered Level 5 of the Dungeon
  4741 | D:5      | Reached XP level 7. HP: 62/66 MP: 7/7
  4762 | D:5      | Reached skill level 8 in Axes
  4908 | D:5      | Mangled by an ogre

Illustrated notes

Levels and vault maps discovered:
D:1:      tarquinn_simple_flora_water_e, layout_loops_corners
D:2:      layout_basic
D:3:      layout_basic, grunt_dithmenos_smoke,
          dreamdust_ecumenical_altar_statues, uniq_ijyb
D:4:      layout_loops_ring, kiku_gazebo_pond_becter,
          cheibrodos_sewer_entry_sluice, chequers_serial_rivers_small_b
D:5:      layout_basic, minmay_temple_entry_sparse_star,
          dreamdust_princess_corridor, supply_closet_lemuel,
          hangedman_decor_push, nicolae_elevator_lobby_asterisk

Skill      XL: |  1  2  3  4  5  6  7 |
---------------+----------------------+-----
Fighting       | 4 5 6 7 |  7.9
Axes           | 5 6 7 8 |  8.6
Dodging        | |  2.4
Stealth        | |  1.5

Action                   |  1- 3 |  4- 6 |  7- 9 || total
-------------------------+-------+-------+-------++-------
Melee: Hand axe          |   111 |   316 |    56 ||   483
       Punch             |     1 |     2 |     2 ||     5
 Fire: Sling             |     2 |       |       ||     2
Invok: Convert to Beogh  |       |     1 |       ||     1
       Smiting           |       |       |     1 ||     1
  Use: Scroll            |       |     1 |       ||     1
 Stab: Sleeping          |     3 |     5 |       ||     8
Armor: Leather armour    |    31 |   100 |    30 ||   161
Dodge: Dodged            |    50 |   154 |    22 ||   226
Block: Other             |    24 |    70 |     7 ||   101
       Reflection        |       |     1 |     1 ||     2
